 Dungeon Crawl Stone Soup version 0.21.1-1-g345015f (webtiles) character file.

130 Fang the Skirmisher (level 5, 0/33 HPs)
             Began as a Gargoyle Berserker on June 1, 2018.
             Was a Believer of Trog.
             Killed from afar by an orc wizard (2 damage)
             ... with a magic dart
             ... on level 3 of the Dungeon on June 2, 2018.
             The game lasted 00:03:34 (2164 turns).

Fang the Skirmisher (Gargoyle Berserker)            Turns: 2164, Time: 00:03:35

Health: 0/33       AC:  6    Str: 21    XL:     5   Next: 13%
Magic:  5/5        EV: 12    Int:  8    God:    Trog [**....]
Gold:   60         SH:  0    Dex:  9    Spells: 4/4 levels left

rFire    . . .     SeeInvis .   a - +0 hand axe
rCold    . . .     Gourm    .   (no shield)
rNeg     + . .     Faith    .   b - +0 animal skin
rPois    ∞         Spirit   .   (no helmet)
rElec    +         Reflect  .   (no cloak)
rCorr    .         Harm     .   (no gloves)
MR       .....                  (no boots)
Stlth    +.........             (no amulet)
HPRegen  0.11/turn              (no ring)
MPRegen  0.09/turn              (no ring)

@: slowed, very slow
A: negative energy resistance 1, electricity resistance, unbreathing,
petrification resistance, rot immunity, AC +4
a: Berserk, Trog's Hand, Burn Spellbooks, Renounce Religion


You were on level 3 of the Dungeon.
You worshipped Trog.
Trog was pleased with you.
You were not hungry.

You visited 1 branch of the dungeon, and saw 3 of its levels.

You collected 60 gold pieces.

Inventory:

Hand Weapons
 a - a +0 hand axe (weapon)
Armour
 b - a +0 animal skin (worn)
Scrolls
 d - a scroll of enchant weapon {unknown}
 e - a scroll of enchant armour {unknown}
 f - 8 scrolls of identify {unknown}
 g - 2 scrolls of remove curse {unknown}
 k - a scroll of fog {unknown}
 l - a scroll of blinking {unknown}
 m - a scroll of teleportation {unknown}
Potions
 h - 2 potions of heal wounds {unknown}
 i - a potion of berserk rage {unknown}
 j - a potion of cancellation {unknown}
Comestibles
 c - 5 rations


   Skills:
 + Level 4.2 Fighting
 + Level 4.0 Axes
 + Level 2.2 Armour
 + Level 2.2 Dodging
 + Level 1.1 Stealth


You had 4 spell levels left.
You didn't know any spells.

Dungeon Overview and Level Annotations

Branches:
Dungeon (3/15)

Altars:


Innate Abilities, Weirdness & Mutations

You are resistant to torment.
Your stone body is resilient. (AC +4)
You are immune to poison.
You resist negative energy. (rN+)
You are resistant to electric shocks. (rElec)
You can survive without breathing.
You are immune to petrification.
You are immune to rotting.


Message History

You are too injured to fight recklessly!
The orc wizard gestures at you while chanting.
The magic dart hits you!
* * * LOW HITPOINT WARNING * * *
The orc wizard barely misses you.
The orc wizard hits you but does no damage.
You hit the orc wizard.
The orc wizard is almost dead.
The orc wizard points at you and mumbles some strange words.
You resist with some effort.
The orc wizard gestures wildly while chanting.
The orc wizard blinks!
The orc wizard points at you and mumbles some strange words.
You resist with some effort.
The orc wizard gestures at you while chanting.
The magic dart hits you!
* * * LOW HITPOINT WARNING * * *
The orc wizard gestures at you while chanting.
The magic dart hits you!
You die...

##..........###
##....#<#####
##......##
.........########
................####
............###.#.o
#.....#.###.# #.#%#
#.....#.# #.#
#.#§#####.#
........# #.#
#.@.......#
#.#.##### #.#
###.##.#..# ..
###.### #.##.#
#.....# #....#
#.....# #)####
#.....# #.. #.....#
#### #.....# #######


You could see an orc wizard.

Vanquished Creatures
  Terence (D:2)
  4 adders
  2 oozes
  A worm (D:2)
  3 dart slugs
  A leopard gecko (D:2)
  2 orcs (D:3)
  6 giant cockroaches
  4 goblins
  6 hobgoblins
  2 kobolds
  2 quokkas (D:2)
  A ball python (D:1)
  8 bats
  2 frilled lizards
  7 rats
52 creatures vanquished.

Notes
Turn   | Place    | Note
-------+----------+-------------------------------------------
     0 | D:1      | Fang the Gargoyle Berserker began the quest for the Orb.
     0 | D:1      | Reached XP level 1. HP: 14/14 MP: 1/1
   111 | D:1      | Reached XP level 2. HP: 17/19 MP: 2/2
   485 | D:1      | Reached XP level 3. HP: 24/24 MP: 3/3
  1140 | D:2      | Reached ** piety under Trog
  1161 | D:2      | Reached XP level 4. HP: 22/29 MP: 4/4
  1602 | D:2      | Noticed Terence
  1613 | D:2      | Killed Terence
  1613 | D:2      | Reached skill level 1 in Stealth
  1835 | D:2      | Reached XP level 5. HP: 33/33 MP: 5/5
  2164 | D:3      | Killed from afar by an orc wizard

Skill      XL: |  1  2  3  4 |
---------------+-------------+-----
Axes           | 3 4 |  4.0
Fighting       | 4 |  4.2
Dodging        | 2 |  2.2
Stealth        | 1 |  1.1
Armour         | |  2.2

Action                   |  1- 3 |  4- 6 || total
-------------------------+-------+-------++-------
Melee: Hand axe          |   120 |    68 ||   188
Invok: Berserk           |     2 |     1 ||     3
 Stab: Sleeping          |     1 |       ||     1
  Eat: Chunk             |     2 |     1 ||     3
       Ration            |       |     1 ||     1
Armor: Animal skin       |    40 |    18 ||    58
Dodge: Dodged            |    95 |    44 ||   139
